cohdb
Replays
Latest Replays
All Replays
Popular Replays
Top Player Replays
Match Explorer
How It Works
Community
CoH3 Stats
Reddit
Sign in to upload your games and track your stats! →
Sign in with Steam
Match 46789207
Unlisted
Match 46789207
Overview
Messages
Build Orders
End
Engineer Squad
Construct Weapon Support Center
Selects Heavy Weapons
M1919 Machine Gun Team
M1919 Machine Gun Team
M1919 Machine Gun Team
Infantry Support Center
Selects Assault Carriers
M3 Assault Carrier
M3 Assault Carrier
M3 Assault Carrier
M3 Assault Carrier
M3 Assault Carrier
Selects Exchangeable Parts
M3 Assault Carrier
M3 Assault Carrier
M3 Assault Carrier
Selects Towed M5 3-inch Anti-tank Gun
Towed M5 3-inch Anti-tank Gun
Towed M5 3-inch Anti-tank Gun
Selects M2HB .50cal Heavy Machine Gun
Selects Rapid Reposition
Engineer Squad
Engineer Squad
Selects Bolstered Team Weapons
M3 Assault Carrier
Engineer Squad
lemerman9
gabman6
DeadeyeX1616
CoH3Master
shane_plyler
isaaac555555
Egmont
Mike LeTyson
0
0
Comments
sign in to comment!
No comments posted yet!